 Dungeon Crawl Stone Soup version 0.25-a0-424-g80bd347ae0 (webtiles) character file.

Game seed: 5635612047443479703, levelgen mode: deterministic

93 Qrupt the Stinger (level 4, -1/35 HPs)
             Began as a Draconian Venom Mage on Jan 20, 2020.
             Killed from afar by Natasha (5 damage)
             ... with a magic dart
             ... on level 2 of the Dungeon.
             The game lasted 00:06:15 (1420 turns).

Qrupt the Stinger (Draconian Venom Mage)            Turns: 1420, Time: 00:06:17

Health: -1/35      AC:  5    Str: 16    XL:     4   Next: 37%
Magic:  2/8        EV: 12    Int: 16    God:
Gold:   78         SH:  0    Dex: 11    Spells: 4/8 levels left

rFire    . . .     SeeInvis .   c - +0 dagger
rCold    . . .     Gourm    .   (no shield)
rNeg     . . .     Faith    .   (armour unavailable)
rPois    .         Spirit   .   (helmet restricted)
rElec    .         Reflect  .   (no cloak)
rCorr    .         Harm     .   (no gloves)
MR       .....                  (no boots)
Stlth    ++........             (no amulet)
HPRegen  0.11/turn              (no ring)
MPRegen  0.11/turn              (no ring)

@: mighty, lethally poisoned (-1 -> -5), very slightly contaminated
A: unfitting armour, stinger 1, talons 1, cold-blooded, AC +5
a: no special abilities


You were on level 2 of the Dungeon.
You were not hungry.

You visited 1 branch of the dungeon, and saw 2 of its levels.

You collected 78 gold pieces.

Inventory:

Hand Weapons
 c - a +0 dagger (weapon)
Scrolls
 d - a scroll of remove curse
 g - 2 scrolls of identify
Potions
 e - a potion of agility
Comestibles
 b - 2 rations
 h - a chunk of flesh


   Skills:
 + Level 1.5 Fighting
 - Level 1.7 Dodging
 + Level 2.2 Stealth
 * Level 2.9 Spellcasting
 - Level 1.4 Transmutations
 + Level 0.4 Air Magic
 * Level 3.7 Poison Magic


You had 4 spell levels left.
You knew the following spells:

 Your Spells              Type           Power        Failure   Level  Hunger
a - Sting                 Tmut/Pois      ##..         7%          1    #......
b - Mephitic Cloud        Conj/Pois/Air  #.......     32%         3    ###....

Your spell library contained the following spells:

 Spells                   Type           Power        Failure   Level  Hunger
 Poisonous Vapours        Pois/Air       #.....       12%         2    ##.....
 Ignite Poison            Fire/Tmut/Pois #.......     28%         3    ###....
 Olgreb's Toxic Radiance  Pois           ##......     38%         4    #####..


Dungeon Overview and Level Annotations

Branches:
Dungeon (2/15)

Altars:

Annotations:
D:2 Natasha


Innate Abilities, Weirdness & Mutations

Your plain brown scales are hard. (AC +5)
You cannot fit into any form of body armour.
You are cold-blooded and may be slowed by cold attacks.
Your tail ends in a poisonous barb.
You have sharp toenails.


Message History

As you read the scroll labeled RAIX CIOGERUZE, it crumbles to dust.
The air around you briefly surges with heat, but it dissipates.
It was a scroll of immolation.
* * * LOW HITPOINT WARNING * * *
You feel sick.
Some of the chunks of flesh in your inventory have rotted away.
As you read the scroll labeled YNETOEDDEA, it crumbles to dust.
It is a scroll of identify.
d - a scroll of remove curse
* * * LOW HITPOINT WARNING * * *
You feel sick.
* * * LOW HITPOINT WARNING * * *
You feel sick.
Natasha, Servant of Life and Death comes into view.
* * * LOW HITPOINT WARNING * * *
You feel sick.
Natasha hisses angrily.
Natasha casts a spell at you. The magic dart hits you.
You die...

.# #########.#
..........# ###....).#
#......# #. #......#
#..# #......#
#...##......#
#..@.#.########
......##..........#####
h####......######...(.#
######...## #####w##
#...#..##### #...
#.####.....###### ...
#####.รท..... ###
.............
...##########


You could see Natasha.

Vanquished Creatures
  Natasha (D:2)
  3 adders (D:2)
  A worm (D:1)
  A dart slug (D:1)
  7 bats
  3 giant cockroaches (D:1)
  8 goblins
  4 hobgoblins
  2 jackals (D:1)
  5 kobolds
  A quokka (D:2)
  A frilled lizard (D:1)
  3 rats
40 creatures vanquished.

Notes
Turn   | Place    | Note
-------+----------+-------------------------------------------
     0 | D:1      | Qrupt the Draconian Venom Mage began the quest for the Orb.
     0 | D:1      | Reached XP level 1. HP: 14/14 MP: 3/3
   211 | D:1      | Reached XP level 2. HP: 21/22 MP: 3/5
   490 | D:1      | Reached skill level 1 in Fighting
   736 | D:1      | Reached XP level 3. HP: 24/28 MP: 0/6
  1000 | D:2      | Learned a level 3 spell: Mephitic Cloud
  1087 | D:2      | Noticed Natasha
  1334 | D:2      | Killed Natasha
  1334 | D:2      | Reached XP level 4. HP: 23/35 MP: 0/8
  1411 | D:2      | Gained mutation: Your tail ends in a poisonous barb.
                  | [potion of mutation]
  1411 | D:2      | Gained mutation: You have sharp toenails. [potion of
                  | mutation]
  1420 | D:2      | Noticed Natasha
  1420 | D:2      | Killed from afar by Natasha

Levels and vault maps discovered:
D:1:      dpeg_arrival_three_bigger_balls, layout_basic, grunt_decor_cap,
          serial_bayou_pond_a, minmay_bisected
D:2:      layout_rooms, uniq_natasha

Skill      XL: |  1  2  3 |
---------------+----------+-----
Fighting       | 1 |  1.5
Stealth        | 2 |  2.2
Dodging        | |  1.7
Spellcasting   | |  2.9
Transmutations | |  1.4
Air Magic      | |  0.4
Poison Magic   | |  3.7

Action                   |  1- 3 |  4- 6 || total
-------------------------+-------+-------++-------
Melee: Unarmed           |     5 |       ||     5
       Dagger            |    50 |       ||    50
       Tailslap          |     4 |       ||     4
 Cast: Sting             |    56 |     7 ||    63
       Mephitic Cloud    |     2 |       ||     2
  Use: Potion            |     1 |     2 ||     3
       Scroll            |       |     2 ||     2
 Stab: Sleeping          |     2 |       ||     2
  Eat: Chunk             |     2 |     1 ||     3
Armor: Skin              |    30 |     3 ||    33
Dodge: Dodged            |    75 |     4 ||    79

Table legend:
 A = Non-vault XP
 B = Vault XP
 C = Vault XP percentage of total XP
 D = Non-vault monster count
 E = Vault monster count
 F = Vault count percentage of total count
                 A         B        C        D         E       F
            +---------+---------+-------+---------+---------+-------
      Total |      94 |      40 |  29.9 |      34 |       6 |  15.0
            +---------+---------+-------+---------+---------+-------
        D:1 |      43 |       9 |  17.3 |      23 |       5 |  17.9
        D:2 |      51 |      31 |  37.8 |      11 |       1 |   8.3
            +---------+---------+-------+---------+---------+-------
